 Dungeon Crawl Stone Soup version 0.23.2-1-ga50397a6bc (webtiles) character file.

Game seed: 7017454781984581697

96 Mrkan the Cudgeler (level 4, 0/39 HPs)
             Began as a Minotaur Fighter on May 21, 2019.
             Slain by an orc
             ... wielding a +0 flail
              (5 damage)
             ... on level 2 of the Dungeon.
             The game lasted 00:02:12 (1103 turns).

Mrkan the Cudgeler (Minotaur Fighter)               Turns: 1103, Time: 00:02:13

Health: 0/39       AC:  8    Str: 21    XL:     4   Next: 41%
Magic:  3/3        EV:  5    Int:  5    God:
Gold:   146        SH:  8    Dex: 10    Spells: 3/3 levels left

rFire    . . .     SeeInvis .   a - +0 flail
rCold    . . .     Gourm    .   c - +0 shield
rNeg     . . .     Faith    .   s - +0 chain mail
rPois    .         Spirit   .   (helmet restricted)
rElec    .         Reflect  .   (no cloak)
rCorr    .         Harm     .   (no gloves)
MR       .....                  (no boots)
Stlth    ..........             (no amulet)
HPRegen  0.13/turn              (no ring)
MPRegen  0.08/turn              (no ring)

@: heavily drained
A: retaliatory headbutt, horns 2
a: no special abilities


You were on level 2 of the Dungeon.
You were hungry.

You visited 1 branch of the dungeon, and saw 3 of its levels.

You collected 146 gold pieces.

Inventory:

Hand Weapons
 a - a +0 flail (weapon)
Armour
 c - a +0 shield (worn)
 p - a +2 shield
 s - a +0 chain mail (worn)
Jewellery
 i - an uncursed ring of resist corrosion {unknown}
 q - an uncursed ring of resist corrosion {unknown}
Scrolls
 e - 4 scrolls of identify {unknown}
 g - a scroll of blinking {unknown}
 h - a scroll of enchant armour {unknown}
 k - 2 scrolls of noise {unknown}
Potions
 d - a potion of might
 j - a potion of resistance {unknown}
 l - a potion of heal wounds
 m - a potion of curing {unknown}
 n - a potion of haste {unknown}
 o - a potion of mutation {unknown}
 r - a potion of agility {unknown}
Comestibles
 f - 7 rations


   Skills:
 - Level 3.6(1.5) Fighting
 * Level 4.9(2.7) Maces & Flails
 - Level 3.6(1.5) Armour
 + Level 4.6(2.5) Shields


You had 3 spell levels left.
You didn't know any spells.
Your spell library was empty.

Dungeon Overview and Level Annotations

Branches:
Dungeon (3/15)

Altars:


Innate Abilities, Weirdness & Mutations

You reflexively headbutt those who attack you in melee.
You have a pair of horns on your head.


Message History

The orc hits you with a +2 mace of draining.
* * * LOW HITPOINT WARNING * * *
You feel drained.
* * * LOW HITPOINT WARNING * * *
You closely miss the orc. The orc hits you but does no damage.
The orc hits you with a +0 mace.
* * * LOW HITPOINT WARNING * * *
The orc hits you with a +2 mace of draining.
* * * LOW HITPOINT WARNING * * *
You feel drained.
You hit the orc.
The orc is severely wounded.
The orc hits you with a +0 flail.
* * * LOW HITPOINT WARNING * * *
You block the orc's attack. x2; The orc hits you with a +0 flail.
* * * LOW HITPOINT WARNING * * *
You sock the orc!
You kill the orc!
The orc hits you but does no damage. The orc hits you with a +0 flail.
You die...

.#.....#..###..#.###...........+.
.#.....#.####..#.##..##.#..)...#.
.#...................##.#..###.#.
..........###..#.##........###.##
###....##.###..................##
.................##..#...........
#########.###....##>.#.....#.####
..........###...o#...+.....#.# #
#....####.##....@)...#.....#.####
#....# #.###...o#...#..##.......
#....####'###....#.............##
............#....#.#.#.<##...####
............#........#...........
............###..............####
.......########...##........## #
########..........##.#.#.#..#####
#................................


You could see 2 orcs.

Vanquished Creatures
  5 adders (D:2)
  An ooze (D:1)
  2 worms (D:2)
  2 dart slugs
  A leopard gecko (D:1)
  An orc (D:2)
  4 giant cockroaches (D:1)
  2 goblins (D:1)
  2 hobgoblins (D:1)
  2 jackals (D:1)
  5 bats
  2 frilled lizards (D:1)
  2 kobolds
  10 rats
41 creatures vanquished.

Notes
Turn   | Place    | Note
-------+----------+-------------------------------------------
     0 | D:1      | Mrkan the Minotaur Fighter began the quest for the Orb.
     0 | D:1      | Reached XP level 1. HP: 19/19 MP: 0/0
    46 | D:1      | Reached XP level 2. HP: 24/26 MP: 1/1
   203 | D:1      | Reached XP level 3. HP: 24/31 MP: 2/2
   571 | D:2      | Reached XP level 4. HP: 33/39 MP: 3/3
  1103 | D:2      | Slain by an orc

Skill      XL: |  1  2  3 |
---------------+----------+-----
Maces & Flails | 3 4 |  4.9
Shields        | 4 |  4.6
Fighting       | |  3.6
Armour         | |  3.6

Action                   |  1- 3 |  4- 6 || total
-------------------------+-------+-------++-------
Melee: Flail             |    87 |    30 ||   117
       Headbutt          |    13 |     2 ||    15
  Use: Potion            |       |     1 ||     1
Armor: Scale mail        |    44 |     2 ||    46
       Chain mail        |       |    18 ||    18
Dodge: Dodged            |    28 |    12 ||    40
Block: Shield            |    45 |    23 ||    68
